 Dungeon Crawl Stone Soup version 0.27-a0-1242-ge70438ac7b (webtiles) character file.

Game seed: 8646306832724876788

15404 HAL9000 the Covert (level 12, -5/58 HPs)
             Began as a Vine Stalker Brigand on June 8, 2021.
             Was a Priest of Dithmenos.
             Collided with a rock wall (14 damage)
             ... caused by a wretched star
             ... on level 3 of the Abyss on June 9, 2021.
             The game lasted 00:45:31 (13336 turns).

HAL9000 the Covert (Vine Stalker Brigand)          Turns: 13336, Time: 00:45:32

Health: -5/58      AC:  6    Str: 17      XL:     12   Next: 26%
Magic:  0/16       EV: 15    Int:  7 (9)  God:    Dithmenos [***...]
Gold:   862        SH:  0    Dex: 11 (12) Spells: 15/23 levels left

rFire    . . .     SeeInvis .   M - +2 rapier (drain)
rCold    . . .     Faith    .   (no shield)
rNeg     + . .     Spirit   +   j - +2 robe {rN+}
rPois    .         Reflect  .   (no helmet)
rElec    .         Harm     .   c - +0 cloak
rCorr    +         Rampage  .   B - +0 pair of gloves
Will     +....     Rnd*Rage +   (no boots)
Stlth    +++++++...             N - amulet of regeneration
HPRegen  2.19/turn              u - ring of resist corrosion
MPRegen  0.15/turn              y - +4 ring of evasion

@: unable to read, wreathed by umbra
A: fangs 3, regeneration 1, magic shield, antimagic bite, no potion heal 2,
[berserk 2], [clumsy 2], [deterioration 2], [dopey 2], [low mp 3], [screaming
2], [subdued magic 3], [inability to read while threatened]
a: Renounce Religion, Shadow Step


You were on level 3 of the Abyss.
You worshipped Dithmenos.
Dithmenos was most pleased with you.
You visited 3 branches of the dungeon, and saw 14 of its levels.
You visited the Abyss 1 time.
You also visited: Bailey.

You collected 862 gold pieces.

Inventory:

Hand Weapons
 a - a +2 dagger
 D - a +2 short sword of freezing
 M - a +2 rapier of draining (weapon)
Missiles
 d - 31 poisoned darts (quivered)
 i - 26 boomerangs
 J - 11 atropa-tipped darts
 K - 2 datura-tipped darts
Armour
 c - a +0 cloak (worn)
 f - a scarf of harm
 j - a +2 robe of positive energy (worn)
 B - a +0 pair of gloves (worn)
 I - a +2 leather armour of positive energy
 L - +0 acid dragon scales
Jewellery
 u - a ring of resist corrosion (left hand)
 y - a +4 ring of evasion (right hand)
 N - an amulet of regeneration (around neck)
Wands
 e - a wand of flame (92)
 x - a wand of polymorph (12)
 G - a wand of digging (3)
 H - a wand of iceblast (9)
Scrolls
 b - 5 scrolls of teleportation
 h - 3 scrolls of amnesia
 l - 2 scrolls of noise {unknown}
 m - a scroll of enchant weapon {unknown}
 n - 3 scrolls of fog {unknown}
 p - a scroll of fear {unknown}
 r - 2 scrolls of magic mapping {unknown}
 t - a scroll of silence
 w - 2 scrolls of immolation
 C - a scroll of holy word {unknown}
 E - 2 scrolls of vulnerability
 O - a scroll of enchant armour {unknown}
Potions
 g - 2 potions of haste
 k - a potion of mutation
 o - 3 potions of might
 q - 2 potions of flight
 s - 2 potions of lignification
 v - a potion of berserk rage
 z - 2 potions of brilliance
 A - 4 potions of curing
 F - 2 potions of attraction
Miscellaneous
 P - a phantom mirror
 Q - a piece from Xom's chessboard (15/15)
 R - a condenser vane


   Skills:
 + Level 4.4 Fighting
 + Level 11.8 Short Blades
 - Level 3.0 Throwing
 - Level 0.7 Dodging
 - Level 12.4 Stealth
 - Level 6.3 Spellcasting
 - Level 5.8 Conjurations
 - Level 3.0 Translocations
 - Level 4.8 Air Magic


You had 15 spell levels left.
You knew the following spells:

 Your Spells              Type           Power      Damage    Failure   Level
a - Blink                 Tloc           N/A        N/A       5%          2
b - Swiftness             Air            4%         N/A       5%          3
c - Mephitic Cloud        Conj/Pois/Air  3%         N/A       10%         3

Your spell library contained the following spells:

 Spells                   Type           Power      Damage    Failure   Level
 Magic Dart               Conj           20%        1d4       1%          1
 Shock                    Conj/Air       20%        1d4       1%          1
 Searing Ray              Conj           10%        3d3       1%          2
 Static Discharge         Conj/Air       5%         N/A       1%          2
 Conjure Flame            Conj/Fire      3%         6-21      13%         3
 Dazzling Flash           Conj/Hex       6%         N/A       13%         3
 Gell's Gravitas          Tloc           1%         N/A       13%         3
 Animate Skeleton         Necr           2%         N/A       16%         1
 Freeze                   Ice            4%         1d3       16%         1
 Pain                     Necr           4%         1d4       16%         1
 Airstrike                Air            2%         N/A       22%         4
 Call Imp                 Summ           1%         N/A       24%         2
 Slow                     Hex            1%         N/A       24%         2
 Iskenderun's Mystic Bla  Conj/Tloc      4%         2d3       24%         4
 Confusing Touch          Hex            1%         N/A       45%         3
 Frozen Ramparts          Ice            2%         1d2       45%         3
 Ozocubu's Armour         Ice            1%         N/A       45%         3
 Vampiric Draining        Necr           0%         2d6       45%         3
 Fulminant Prism          Conj/Hex       1%         3d6       45%         4
 Hailstorm                Conj/Ice       3%         3d3       45%         4
 Lightning Bolt           Conj/Air       2%         1d14      47%         5
 Animate Dead             Necr           0%         N/A       88%         4
 Petrify                  Tmut/Erth      1%         N/A       88%         4
 Agony                    Necr           1%         N/A       99%         5
 Metabolic Englaciation   Hex/Ice        0%         N/A       99%         5
 Yara's Violent Unravell  Hex/Tmut       0%         3d3       99%         5


Dungeon Overview and Level Annotations

Branches:
Dungeon (12/15)            Temple (1/1) D:6             Orc (1/2) D:12
 Bailey (visited)
   Lair: D:8-11

Altars:
Ashenzari
Cheibriados
Dithmenos
Elyvilon
Fedhas
Gozag
Hepliaklqana
Kikubaaqudgha
Makhleb
Nemelex Xobeh
Okawaru
Qazlal
Ru
Sif Muna
Trog
Uskayaw
Vehumet
Wu Jian
Xom
Yredelemnul
Zin
The Shining One

Shops:
D:4 :


Innate Abilities, Weirdness & Mutations

You have razor-sharp teeth.
Your natural rate of healing is unusually fast.
When hurt, damage is shared between your health and your magic reserves.
Your bite disrupts and absorbs the magic of your enemies.
Potions cannot restore your health.
[You often lose your temper in combat.]
[You are very clumsy. (Dex -4)]
[Your body often deteriorates upon taking damage.]
[You are very dopey. (Int -4)]
[Your magical capacity is extremely low. (-30% MP)]
[You frequently scream uncontrollably at your foes.]
[Your spells are much easier to cast, but much less powerful.]
[You sometimes lose the ability to read scrolls when taking damage.]


Message History

The lance of force hits you!!
You are knocked back by the lance of force.
You slam into the rock wall!
You feel threatened and lose the ability to read scrolls!
Your body deteriorates!
You feel clumsy.
You puncture the wretched star! Your bite misses the wretched star.
The wretched star is severely damaged.
Unknown command.
You hit the wretched star but do no damage.
The wretched star is severely damaged.
Unknown command.
You barely miss the wretched star. Your bite misses the wretched star.
The wretched star is severely damaged.
The wretched star glows turbulently.
The lance of force hits you!
You are knocked back by the lance of force.
You slam into the rock wall!
Your body deteriorates!
You feel dopey.
You puncture the wretched star! Your bite misses the wretched star.
The wretched star is severely damaged.
Unknown command.
You closely miss the wretched star.
The wretched star is severely damaged.
The wretched star pulses with an eldritch light!
You feel less energetic.
Unknown command.
You hit the wretched star.
You bite the wretched star, but do no damage.
The wretched star is almost destroyed.
You barely miss the wretched star.
The wretched star is almost destroyed.
You hit the wretched star.
You bite the wretched star, but do no damage.
The wretched star is almost destroyed.
The wretched star glows turbulently.
The lance of force hits you!!
* * * LOW HITPOINT WARNING * * *
You are knocked back by the lance of force.
You slam into the rock wall!
You die...

#. . . . .
... ## ##
# .#. . .
#...#... .
.. . ..
#.........
.... . ...
. #..... .
. ... . #
#. ......
. ..## ..
. . .
..... . .
. . . ##
#...#####
## .
#...#@#
###. . .
#...*.# ##
#...### .
≈ .
....... ##
# #
####....
#. . #.#.#
#..## . .#
... ## #
.. .. . .
.. . ## ..
.


You could see a wretched star.

Vanquished Creatures
  2 boulder beetles (D:12)
  Harold (D:7)
  4 two-headed ogres
  A centaur warrior (D:8)
  2 wretched stars
  2 large abominations (Abyss:2)
  A manticore (D:12)
  A cyclops (D:12)
  An unseen horror (D:12)
  2 gargoyles
  3 trolls
  Grinder (D:4)
  Prince Ribbit (D:7)
  Sigmund (D:5)
  A ynoxinul (Abyss:2)
  2 shadows
  A wyvern (D:10)
  6 yaks
  Menkaure (D:7)
  Duvessa (D:5)
  A water moccasin (D:8)
  An acid dragon (D:9)
  2 black bears (D:5)
  7 orc warriors
  A sky beast (D:5)
  2 ogres
  4 centaurs
  2 phantoms
  A kobold brigand (D:6)
  Blork the orc (D:4)
  A bullfrog (D:7)
  A gnoll sergeant (D:10)
  Dowan (D:5)
  A water moccasin skeleton (D:6)
  4 killer bees (D:9)
  3 wights (D:9)
  An electric eel (D:10)
  6 howler monkeys
  2 centaur zombies
  3 hounds
  Crazy Yiuf (D:6)
  7 orc priests
  A jelly (D:5)
  A bullfrog skeleton (D:5)
  A centaur skeleton (D:5)
  An iron imp (Abyss:2)
  3 iguanas
  6 orc wizards
  2 killer bee zombies (D:8)
  A hound skeleton (D:4)
  A howler monkey zombie (D:9)
  A howler monkey skeleton (D:7)
  9 gnolls
  7 adders
  A shadow imp (D:6)
  2 white imps (Abyss:2)
  A worm (D:4)
  3 dart slugs
  67 orcs
  9 ball pythons
  5 bats
  4 endoplasms
  2 giant cockroaches
  10 goblins
  7 hobgoblins
  5 jackals
  13 kobolds
  2 quokkas
  2 frilled lizards
  3 rats
258 creatures vanquished.

Vanquished Creatures (others)
  3 fungi (D:6)
3 creatures vanquished.

Grand Total: 261 creatures vanquished

Notes
Turn   | Place    | Note
-------+----------+-------------------------------------------
     0 | D:1      | HAL9000 the Vine Stalker Brigand began the quest for the
                  | Orb.
     0 | D:1      | Reached XP level 1. HP: 11/11 MP: 2/2
    46 | D:1      | Reached skill level 5 in Stealth
    85 | D:1      | Reached XP level 2. HP: 15/15 MP: 3/3
   275 | D:1      | Found a faded altar of an unknown god.
   326 | D:1      | You fall into a shaft and drop 1 floor!
   326 | D:2      | Found a blossoming altar of Fedhas.
   514 | D:1      | Reached XP level 3. HP: 18/18 MP: 4/4
  2120 | D:3      | Gained mutation: Your natural rate of healing is unusually
                  | fast. [Vine Stalker growth]
  2120 | D:3      | Reached XP level 4. HP: 13/23 MP: 5/5
  2272 | D:3      | Reached XP level 5. HP: 21/26 MP: 4/6
  2451 | D:3      | Upgraded the game from 0.27-a0-1230-gfc7c993222 to
                  | 0.27-a0-1242-ge70438ac7b
  3026 | D:4      | Found Woitekli's Book Shoppe.
  3173 | D:4      | Found a shadowy altar of Dithmenos.
  3238 | D:4      | Noticed Blork the orc
  3251 | D:4      | Killed Blork the orc
  3252 | D:4      | Reached XP level 6. HP: 28/30 MP: 5/7
  3307 | D:4      | Noticed Grinder
  3319 | D:4      | Killed Grinder
  3320 | D:4      | Reached skill level 5 in Short Blades
  3320 | D:4      | Reached XP level 7. HP: 23/34 MP: 4/8
  3680 | D:5      | Entered Level 5 of the Dungeon
  3719 | D:5      | Reached skill level 6 in Stealth
  3838 | D:5      | Learned a level 2 spell: Blink
  4015 | D:5      | Found a radiant altar of Vehumet.
  4015 | D:5      | Noticed Duvessa
  4015 | D:5      | Noticed Dowan
  4062 | D:4      | Gained mutation: You have razor-sharp teeth. [Vine Stalker
                  | growth]
  4062 | D:4      | Reached XP level 8. HP: 38/38 MP: 9/9
  4102 | D:5      | Reached skill level 7 in Stealth
  4444 | D:5      | Killed Duvessa
  4511 | D:5      | Killed Dowan
  4668 | D:5      | Noticed Sigmund
  4669 | D:5      | Found a bloodstained altar of Trog.
  4672 | D:5      | Killed Sigmund
  4673 | D:5      | Reached skill level 8 in Stealth
  4996 | D:6      | Reached skill level 9 in Stealth
  4996 | D:6      | Reached XP level 9. HP: 31/42 MP: 8/10
  5398 | D:6      | Found a runed translucent door.
  5399 | D:6      | Noticed Crazy Yiuf
  5404 | D:6      | Killed Crazy Yiuf
  5714 | D:6      | Found a staircase to the Ecumenical Temple.
  5836 | Temple   | Entered the Ecumenical Temple
  6097 | D:4      | Became a worshipper of Dithmenos the Shadowed
  6196 | D:7      | Noticed Prince Ribbit
  6335 | D:7      | Noticed Menkaure
  6339 | D:7      | Killed Menkaure
  6502 | D:7      | Noticed a two-headed ogre
  6510 | D:7      | Killed a two-headed ogre
  6511 | D:7      | Reached skill level 11 in Stealth
  6516 | D:7      | Noticed Harold
  6566 | D:7      | Killed Prince Ribbit
  6599 | D:7      | Killed Harold
  6600 | D:7      | Reached skill level 12 in Stealth
  6600 | D:7      | Reached XP level 10. HP: 36/46 MP: 7/11
  6626 | D:7      | Reached skill level 10 in Short Blades
  6647 | D:7      | Learned a level 3 spell: Swiftness
  6651 | D:7      | Learned a level 3 spell: Mephitic Cloud
  6680 | D:7      | Found a flagged portal.
  6696 | Bailey   | Entered a bailey
  7026 | D:8      | Noticed a centaur warrior
  7028 | D:8      | Killed a centaur warrior
  7112 | D:8      | Found a hide-covered altar of Uskayaw.
  7261 | D:8      | Noticed a two-headed ogre
  7286 | D:8      | Killed a two-headed ogre
  7286 | D:8      | Reached * piety under Dithmenos
  7874 | D:9      | Found a stormy altar of Qazlal.
  8128 | D:9      | Found a snail-covered altar of Cheibriados.
  8412 | D:9      | Found a sacrificial altar of Ru.
  8450 | D:9      | Found a basalt altar of Yredelemnul.
  8453 | D:9      | Found a shimmering blue altar of Sif Muna.
  8920 | D:9      | Reached XP level 11. HP: 47/50 MP: 16/19
  8988 | D:10     | Entered Level 10 of the Dungeon
  9095 | D:10     | Found a broken altar of Ashenzari.
  9123 | D:10     | Reached skill level 5 in Spellcasting
  9372 | D:10     | Reached ** piety under Dithmenos
  9449 | D:10     | Reached skill level 5 in Conjurations
  9718 | D:10     | Noticed a two-headed ogre
 10463 | D:10     | Killed a two-headed ogre
 10904 | D:11     | Reached skill level 1 in Translocations
 11823 | D:12     | Found a staircase to the Orcish Mines.
 11929 | D:12     | Reached *** piety under Dithmenos
 11989 | D:12     | Noticed a manticore
 12012 | D:12     | Killed a manticore
 12201 | D:12     | Noticed a cyclops
 12210 | D:12     | Noticed a boulder beetle
 12211 | D:12     | Killed a cyclops
 12220 | D:12     | Noticed a two-headed ogre
 12253 | D:12     | Noticed a boulder beetle
 12277 | D:12     | Killed a two-headed ogre
 12282 | D:12     | Killed a boulder beetle
 12321 | D:12     | Killed a boulder beetle
 12322 | D:12     | Reached XP level 12. HP: 56/56 MP: 22/22
 12783 | D:12     | Noticed a four-headed hydra
 12816 | Orc:1    | Entered Level 1 of the Orcish Mines
 12849 | Orc:1    | Cast into level 2 of the Abyss (orc warrior)
 12849 | Abyss:2  | Found a corrupted altar of Lugonu.
 12911 | Abyss:2  | Noticed a thrashing horror
 12956 | Abyss:2  | Noticed a thrashing horror
 13108 | Abyss:2  | Found a corrupted altar of Lugonu.
 13133 | Abyss:2  | Noticed a green death
 13141 | Abyss:2  | Noticed a wretched star
 13167 | Abyss:2  | Killed a wretched star
 13187 | Abyss:2  | Noticed a daeva
 13207 | Abyss:3  | Noticed a wretched star
 13230 | Abyss:3  | Killed a wretched star
 13275 | Abyss:3  | Noticed a wretched star
 13336 | Abyss:3  | Collided with a rock wall

Illustrated notes

Levels and vault maps discovered:
D:1:      zaba_arrival_water, layout_loops_ring,
          shapermc_ecumenical_altar_mp_ritualfount, hangedman_decor_growths
D:2:      layout_basic, basic_altar
D:3:      layout_loops_ring, kennysheep_generic_room_2
D:4:      layout_loops_ring, nicolae_dithmenos_through_a_glass_darkly,
          serial_shops, nicolae_shop_window_shopping, kennysheep_pointless_box,
          uniq_blork_the_orc, uniq_grinder
D:5:      layout_loops_cross, trog_ov_bears_minmay, vehumet_altar_wand_db,
          uniq_duvessa, uniq_sigmund
D:6:      layout_loops_ring, minmay_temple_entry_enclosed_plants,
          uniq_crazy_yiuf_cottage
D:7:      layout_cave_pools, enter_bailey_5, uniq_harold, uniq_menkaure,
          uniq_prince_ribbit1
D:8:      layout_gridville, nicolae_uskayaw_dance_hall,
          kennysheep_decorative_pillar, grunt_ministairs_12,
          minmay_fractal_squares_gapless_5
D:9:      layout_stronghold, chequers_temple_overflow_statue_of_worship,
          grunt_qazlal_sundering, kennysheep_slug_shrine
D:10:     layout_loops_corners, nicolae_ashenzari_skybound, special_room
          [special_room_orc], kennysheep_opposing_triangles
D:11:     layout_basic, david_lair_shrubbed, serial_shops, bzr_entry_islet
D:12:     layout_roguey, hiddenorc2_lemuel, minmay_orc_keep
Temple:   minmay_temple_bridge_abc
Orc:1:    layout_caves, serial_shops, nicolae_shop_behind_doors
Abyss:3:  base: D:14, hangedman_abyss_sting

Skill      XL: |  1  2  3  4  5  6  7  8  9 10 11 12 |
---------------+-------------------------------------+-----
Stealth        | 5 6 9 12 | 12.4
Short Blades   | 2 3 4 5 7 8 9 10 11 | 11.8
Throwing       | 2 3 |  3.0
Spellcasting   | 4 6 |  6.3
Conjurations   | 4 5 |  5.8
Air Magic      | 3 4 |  4.8
Translocations | 3 |  3.0
Fighting       | 3 4 |  4.4
Dodging        | |  0.7

Action                   |  1- 3 |  4- 6 |  7- 9 | 10-12 || total
-------------------------+-------+-------+-------+-------++-------
Melee: Dagger            |    99 |    84 |   284 |       ||   467
       Bite              |    25 |    26 |    84 |   215 ||   350
       Short sword       |       |       |    18 |   111 ||   129
       Rapier            |       |       |       |   470 ||   470
Throw: Dart              |     4 |    19 |    28 |    25 ||    76
 Cast: Mephitic Cloud    |       |       |       |    18 ||    18
Evoke: Wand              |       |       |    12 |     6 ||    18
  Use: Potion            |     1 |     1 |       |       ||     2
       Scroll            |       |     2 |     8 |     6 ||    16
 Stab: Sleeping          |     5 |     2 |    15 |    12 ||    34
       Distracted        |     1 |       |     2 |     1 ||     4
       Confused          |       |       |       |    10 ||    10
Armor: Robe              |    36 |    20 |    54 |    77 ||   187
Dodge: Dodged            |    46 |    45 |   123 |   287 ||   501

Table legend: (Time is in decaauts)
 A = Elapsed time spent in this place.
 B = Non-inter-level travel time spent in this place.
 C = Inter-level travel time spent in this place.
 D = Time resting spent in this place.
 E = Time spent auto-exploring this place.
 F = Levels seen in this place.
 G = Mean time per level.
                   A        B        C        D        E       F      G
               +--------+--------+--------+--------+--------+-----+--------+
         Total |  13029 |  11509 |   1520 |   1065 |   7798 |  17 |  766.4 |
       Dungeon |  12276 |  10777 |   1499 |    963 |   7598 |  12 | 1023.0 |
        Temple |    198 |    177 |     21 |      0 |    171 |   1 |  198.0 |
  Orcish Mines |     30 |     30 |      0 |      0 |      8 |   1 |   30.0 |
         Abyss |    437 |    437 |      0 |     47 |     21 |   2 |  218.5 |
        Bailey |     85 |     85 |      0 |     55 |      0 |   1 |   85.0 |
               +--------+--------+--------+--------+--------+-----+--------+

Top non-repeatable levels by time:
    D:10: 2077 daAuts
     D:9: 1177 daAuts
     D:6: 1167 daAuts
     D:2: 1142 daAuts
     D:4: 1039 daAuts
    D:12: 1029 daAuts
     D:5: 987 daAuts
     D:8: 875 daAuts
     D:1: 873 daAuts
     D:3: 803 daAuts
     D:7: 573 daAuts
    D:11: 529 daAuts
 Abyss:2: 316 daAuts
  Temple: 198 daAuts
 Abyss:3: 121 daAuts
